 Dungeon Crawl Stone Soup version 0.31-a0-198-g2ad674f65e (webtiles) character file.

Game seed: 6740389015931105339

5 qw the Shooter (level 1, 0/12 HPs)
             Began as a Deep Elf Hunter on June 25, 2023.
             Slain by a jackal (2 damage)
             ... on level 1 of the Dungeon.
             The game lasted 00:00:05 (90 turns).

qw the Shooter (Deep Elf Hunter)                      Turns: 90, Time: 00:00:05

Health: 0/12       AC:  3    Str:  8    XL:     1   Next: 66%
Magic:  3/3        EV: 12    Int: 13    God:
Gold:   10         SH:  0    Dex: 18    Spells: 0/0 levels left

rFire   . . .        a - +0 shortbow
rCold   . . .        (shield currently unavailable)
rNeg    . . .        c - +0 leather armour
rPois   .            (no helmet)
rElec   .            (no cloak)
rCorr   .            (no gloves)
SInv    .            (no boots)
Will    .....        (no amulet)
Stlth   ++           (no ring)
HPRegen 0.22/turn    (no ring)
MPRegen 0.08/turn

%: no passive effects
@: no status effects
A: no striking features
a: no special abilities


You were on level 1 of the Dungeon.
You visited 1 branch of the dungeon, and saw 1 of its levels.

You collected 10 gold pieces.


   Skills:
 - Level 1.5 Fighting
 + Level 5.7 Ranged Weapons
 - Level 2.4 Dodging
 - Level 1.2 Stealth


You couldn't memorise any spells.
You didn't know any spells.
Your spell library was empty.

Inventory:

Hand Weapons
 a - a +0 shortbow (weapon)
Armour
 c - a +0 leather armour (worn)
Scrolls
 b - a scroll of butterflies
 d - a scroll of teleportation {unknown}
 f - 2 scrolls of identify {unknown}
 g - a scroll of revelation {unknown}
Potions
 e - a potion of attraction {unknown}

Dungeon Overview and Level Annotations

Branches:
Dungeon (1/15)

Altars:


Message History

The jackal is severely wounded.
The jackal closely misses you.
The jackal bites you but does no damage.
The jackal misses you. The jackal bites you.
You shoot an arrow. The arrow closely misses the jackal.
The jackal bites you. The jackal closely misses you.
You shoot an arrow.
The arrow hits the jackal but does no damage.
The jackal is severely wounded.
The jackal bites you. The jackal barely misses you. The jackal misses you.
The jackal closely misses you.
You shoot an arrow. The arrow closely misses the jackal.
The jackal barely misses you. The jackal misses you.
The jackal closely misses you. The jackal barely misses you.
You shoot an arrow. The arrow barely misses the jackal.
The jackal barely misses you. x2
The jackal bites you but does no damage.
You shoot an arrow.
The arrow hits the jackal but does no damage.
The jackal is severely wounded.
The jackal bites you but does no damage. x2
The jackal bites you.
You shoot an arrow. The arrow closely misses the jackal.
The jackal barely misses you. The jackal bites you.
The jackal bites you but does no damage.
The jackal bites you.
You shoot an arrow. The arrow hits the jackal.
The jackal is almost dead.
The jackal closely misses you. x2
The jackal bites you but does no damage.
You shoot an arrow. The arrow barely misses the jackal.
The jackal bites you but does no damage. x2
The jackal barely misses you.
You shoot an arrow. The arrow barely misses the jackal.
The jackal barely misses you. The jackal closely misses you.
The jackal barely misses you. x2
You shoot an arrow. The arrow hits the jackal!
You kill the jackal!
The jackal misses you. The jackal bites you.
You die...

#..........
....######.........# .
..................# ..
#.................#
...#.................#
.....................#
...%... .............#
......h#####.........###
#h@.......#...%)...
###.......#.#......
#.......#.#..8)..
#.......#.####'''
##......#.#......
##.....#.#......
#.....#.#......
+.##.##.#~.....
#.#~.~...


You could see 2 jackals.

Vanquished Creatures
  A goblin (D:1)
  2 jackals (D:1)
  A kobold (D:1)
  A ball python (D:1)
  A frilled lizard (D:1)
6 creatures vanquished.

Notes
Turn   | Place    | Note
-------+----------+-------------------------------------------
     0 | D:1      | qw the Deep Elf Hunter began the quest for the Orb.
     0 | D:1      | Reached XP level 1. HP: 12/12 MP: 3/3
     0 | D:1      | 0 ||| qw: Version: 0.3-a-22-g0ed2b0b
     0 | D:1      | 0 ||| qw: Game counter: 4959
     0 | D:1      | 0 ||| qw: Melee chars always use a shield: true
     0 | D:1      | 0 ||| qw: God list: Okawaru
     0 | D:1      | 0 ||| qw: Allow faded altars: false
     0 | D:1      | 0 ||| qw: Do Orc after clearing Dungeon:15 true
     0 | D:1      | 0 ||| qw: Do second Lair branch before Depths: true
     0 | D:1      | 0 ||| qw: Lair rune preference: random
     0 | D:1      | 0 ||| qw: Goals: Normal
     0 | D:1      | 0 ||| PLANNING D:1-11
    86 | D:1      | HP: 2/12 [jackal (3)]
    90 | D:1      | Slain by a jackal

Levels and vault maps discovered:
D:1:      scummos_arrival_gate, layout_basic, dk_noncrumbling_3, st_stairs_9,
          minmay_heptomino_h4

Action                     || total
---------------------------++-------
   Fire: Shortbow          ||    32
 Armour: Leather armour    ||    11
  Dodge: Dodged            ||    40

Table legend:
 A = Non-vault XP
 B = Vault XP
 C = Vault XP percentage of total XP
 D = Non-vault monster count
 E = Vault monster count
 F = Vault count percentage of total count
                 A         B        C        D         E       F
            +---------+---------+-------+---------+---------+-------
      Total |      10 |       0 |   0.0 |       6 |       0 |   0.0
            +---------+---------+-------+---------+---------+-------
        D:1 |      10 |       0 |   0.0 |       6 |       0 |   0.0
            +---------+---------+-------+---------+---------+-------
